 Dungeon Crawl Stone Soup version 0.29.1-15-g9cfb28693d (webtiles) character file.

Game seed: 1688856918374175072

7 QwertyIsDirtey the Trooper (level 2, 0/32 HPs)
             Began as an Ogre Berserker on Mar 24, 2023.
             Was a Follower of Trog.
             Slain by an adder (1 damage)
             ... on level 2 of the Dungeon.
             The game lasted 00:00:38 (156 turns).

QwertyIsDirtey the Trooper (Ogre Berserker)          Turns: 156, Time: 00:00:38

Health: 0/32       AC:  3    Str: 20    XL:     2   Next: 0%
Magic:  2/2        EV: 10    Int:  8    God:    Trog [*.....]
Gold:   12         SH:  0    Dex:  8    Spells: 1/1 levels left

rFire   . . .      SeeInvis .   a - +0 spear
rCold   . . .      Faith    .   (no shield)
rNeg    . . .      Spirit   .   b - +0 animal skin
rPois   .          Reflect  .   (helmet restricted)
rElec   .          Harm     .   (no cloak)
rCorr   .          Rampage  .   (gloves unavailable)
Will    .....                   (boots unavailable)
Stlth   +.........              (no amulet)
HPRegen 0.10/turn               (no ring)
MPRegen 0.08/turn               (no ring)

@: lethally poisoned (0 -> -1)
A: large, unfitting armour, tough skin 1
a: Renounce Religion, Berserk


You were on level 2 of the Dungeon.
You worshipped Trog.
Trog was aware of your devotion.
You visited 1 branch of the dungeon, and saw 2 of its levels.

You collected 12 gold pieces.

Inventory:

Hand Weapons
 a - a +0 spear (weapon)
Armour
 b - a +0 animal skin (worn)
Jewellery
 e - an amulet of magic regeneration
Scrolls
 c - a scroll of magic mapping {unknown}
 d - a scroll of enchant weapon {unknown}


   Skills:
 + Level 4.2 Fighting
 + Level 3.1 Polearms
 + Level 2.9 Dodging


You had one spell level left.
You didn't know any spells.
Your spell library was empty.

Dungeon Overview and Level Annotations

Branches:
Dungeon (2/15)

Altars:


Innate Abilities, Weirdness & Mutations

You are too large for most types of armour.
You have tough skin. (AC +1)


Message History

Trog accepts your kill.
You see here a frilled lizard corpse.
e - an amulet of magic regeneration A goblin comes into view.
It is wielding a +0 dagger.
The goblin shouts!
An adder comes into view.
The goblin hits you with a +0 dagger.
You miss the goblin. The goblin hits you but does no damage.
You barely miss the goblin. The goblin hits you with a +0 dagger.
* * * LOW HITPOINT WARNING * * *
You barely miss the goblin. The adder bites you.
* * * LOW HITPOINT WARNING * * *
You are lethally poisoned!
The adder poisons you! The goblin closely misses you.
You barely miss the goblin.
* * * LOW HITPOINT WARNING * * *
You feel sick. The adder barely misses you.
You hit the goblin.
You kill the goblin!
Trog accepts your kill.
* * * LOW HITPOINT WARNING * * *
You feel sick. The adder closely misses you.
You have reached level 2!
Found a scroll labelled DATZAC CASE.
* * * LOW HITPOINT WARNING * * *
You feel sick. The adder misses you.
Things that are here:
a +0 dagger; a goblin corpse
* * * LOW HITPOINT WARNING * * *
You feel sick. The adder bites you but does no damage.
The adder barely misses you.
A hobgoblin comes into view.
Found a stone staircase leading down.
* * * LOW HITPOINT WARNING * * *
You feel sick.
The hobgoblin shouts!
The hobgoblin moves out of view.
* * * LOW HITPOINT WARNING * * *
You feel sick. The adder bites you.
You die...

...+.>.. ..#...
.....# ....# #...# .
#...######## ..#
#..........# ....
#@.........###
.....#.S..........
.......).........###
.....##............
..?..##..........#
.... #...........#
.... #...#.####†.###
... #...#.# #....#
##..#.# #..#.#


You could see an adder.

Vanquished Creatures
  A bat (D:1)
  An endoplasm (D:2)
  A goblin (D:2)
  A hobgoblin (D:1)
  2 frilled lizards
6 creatures vanquished.

Notes
Turn   | Place    | Note
-------+----------+-------------------------------------------
     0 | D:1      | QwertyIsDirtey the Ogre Berserker began the quest for the
                  | Orb.
     0 | D:1      | Reached XP level 1. HP: 24/24 MP: 1/1
   153 | D:2      | Reached XP level 2. HP: 5/32 MP: 2/2
   156 | D:2      | HP: 1/32 [poisoned by an adder]
   156 | D:2      | Slain by an adder

Illustrated notes

Levels and vault maps discovered:
D:1:      saegor_arrival_miasma, layout_basic, shapermc_ecumenical_altar_venn,
          serial_shops, shop, nicolae_square_shop, shop
D:2:      minmay_chambers_of_ones, layout_basic

Action                   || total
-------------------------++-------
Melee: Spear             ||    28
Armor: Animal skin       ||    21
Dodge: Dodged            ||    39
